 Dungeon Crawl Stone Soup version 0.23-b1-70-gd12f7cf (webtiles) character file.

Game seed: 4191792334417846882

616 Yuikono the Struggler (level 7, -3/56 HPs)
             Began as a Demonspawn Abyssal Knight on Feb 6, 2019.
             Was an Initiate of Okawaru.
             Slain by a small abomination (12 damage)
             ... created by the touch of Lugonu
             ... on level 3 of the Dungeon.
             The game lasted 00:19:07 (5277 turns).

Yuikono the Struggler (Demonspawn Abyssal Knight)   Turns: 5277, Time: 00:19:08

Health: -3/56      AC:  9    Str: 14    XL:     7   Next: 21%
Magic:  0/11       EV:  7    Int: 13    God:    Okawaru [......]
Gold:   294        SH:  0    Dex: 13    Spells: 6/6 levels left

rFire    . . .     SeeInvis .   a - +1 spear
rCold    . . .     Gourm    .   (no shield)
rNeg     . . .     Faith    .   v - +0 chain mail
rPois    .         Spirit   +   (helmet restricted)
rElec    .         Reflect  .   k - scarf {Spirit}
rCorr    .         Harm     .   (no gloves)
MR       .....                  f - +0 pair of boots
Stlth    ..........             (no amulet)
HPRegen  0.18/turn              t - ring of flight
MPRegen  0.12/turn              (no ring)

@: no status effects
A: horns 2, sturdy frame 1
a: Renounce Religion, Evoke Flight


You were on level 3 of the Dungeon.
You worshipped Okawaru.
Okawaru was noncommittal.
You were very hungry.

You visited 2 branches of the dungeon, and saw 5 of its levels.
You visited the Abyss 1 time.

You collected 294 gold pieces.

Inventory:

Hand Weapons
 a - a +1 spear (weapon)
 w - the +4 short sword "Velaips" {holy, +Rage MR+++ MP+9 Int-5}
   (You found it on level 4 of the Dungeon)

   It has been blessed by the Shining One to cause great damage to the undead
   and demons.
   It affects your intelligence (-5).
   It affects your resistance to hostile enchantments.
   It affects your magic capacity (+9).
   It lets you go berserk.
Missiles
 i - 191 stones (quivered)
 l - 19 arrows
 r - 6 poisoned needles
 s - 48 bolts
Armour
 b - a +0 leather armour
 f - a +0 pair of boots (worn)
 k - a scarf of spirit shield (worn)
 p - a +0 large shield
 u - a +0 cloak
 v - a +0 chain mail (worn)
Jewellery
 t - a ring of flight (left hand)
Scrolls
 d - 2 scrolls of identify
 j - a scroll of teleportation {unknown}
 m - a scroll of enchant armour {unknown}
 n - a scroll of magic mapping {unknown}
 q - a scroll of remove curse
Potions
 e - a potion of cancellation {unknown}
 g - a potion of magic
 o - a potion of lignification {unknown}
 z - a potion of haste
Comestibles
 c - 4 rations


   Skills:
 + Level 5.4 Fighting
 + Level 4.4 Polearms
 - Level 1.7 Armour
 - Level 0.8 Dodging
 + Level 6.3 Invocations


You had 6 spell levels left.
You didn't know any spells.
Your spell library contained the following spells:

 Spells                   Type           Power        Failure   Level  Hunger
 Magic Dart               Conj           #...         98%         1    ##.....
 Blink                    Tloc           N/A          99%         2    ###....
 Call Imp                 Summ           #.......     99%         2    ###....
 Slow                     Hex            #.......     99%         2    ###....
 Conjure Flame            Conj/Fire      #.......     100%        3    ####...
 Mephitic Cloud           Conj/Pois/Air  #.......     100%        3    ####...


Dungeon Overview and Level Annotations

Branches:
Dungeon (4/15)             Temple (1/1) D:4

Altars:
Dithmenos
Elyvilon
Fedhas
Kikubaaqudgha
Okawaru
Qazlal
Ru
Sif Muna
Trog
Uskayaw
Wu Jian
Xom
Yredelemnul
Zin
The Shining One


Innate Abilities, Weirdness & Mutations

You have a pair of horns on your head.
Your movements are slightly less encumbered by armour. (ER -2)


Message History

A starcursed mass splits.
A chorus of shrieks assaults your mind.
A starcursed mass splits.
A chorus of shrieks assaults your mind.
There is an open door here.
There is an escape hatch in the ceiling here.
The small abomination hits you!
* * * LOW HITPOINT WARNING * * *
A mysterious force pulls you upwards. The hatch slams shut behind you.
You don't know any spells.
You barely miss the small abomination. The small abomination hits you.
* * * LOW HITPOINT WARNING * * *
Press: ? - help, v - describe, . - travel
Here: a small abomination (durably summoned)
The floor.
A rat comes into view.
The small abomination barely misses you.
You closely miss the rat. Your headbutt misses the rat.
The rat bites you but does no damage. The small abomination hits you!
You die...

#.#.#.#.# #...............###...#
.#.#.#..###.............###.###..
#.#.#.#..................#..[#...
.#.#.#..#..................#...#.
#.#.#.#.#..###.....#.....[###.###
.#.#.#..#..#######.##..#....###..
#.#)#.#.#..#...........#..#######
.#.#.#..#..#.#####.##).#...#...#.
#.#.#.#.#..#.#.x@r..<).#.#.......
...####.#.<#.#.###.#.#.#.#.......
#.#.###.##.#.#.....#.#.#.#.######
##.#.##....#.#######.#.#.#.#
.##.#.######.#.............#
#)##.#.## #.#.###...#.#.#.######
.#.##.#.## #.#...................
#.#.##.#.###.#####.####.##.######
##.#.##.#.##.....................


You could see a small abomination and a rat.

Vanquished Creatures
  Purgy (D:4)
  An ogre (D:4)
  A phantom (D:3)
  A scorpion (D:4)
  A crimson imp (D:4)
  4 gnolls
  9 adders
  4 oozes
  6 dart slugs
  3 leopard geckos
  13 orcs
  11 bats
  2 giant cockroaches (D:3)
  9 goblins
  10 hobgoblins
  10 jackals
  2 quokkas
  6 frilled lizards
  7 kobolds
  16 rats
117 creatures vanquished.

Notes
Turn   | Place    | Note
-------+----------+-------------------------------------------
     0 | Abyss:1  | Yuikono the Demonspawn Abyssal Knight began the quest for
                  | the Orb.
     0 | Abyss:1  | Reached XP level 1. HP: 18/18 MP: 2/2
    31 | D:1      | Escaped the Abyss
   147 | D:1      | Gained mutation: Your movements are slightly less
                  | encumbered by armour. (ER -2) [demonic ancestry]
   147 | D:1      | Reached XP level 2. HP: 19/24 MP: 4/4
   211 | D:1      | Reached skill level 3 in Invocations
   622 | D:1      | Reached XP level 3. HP: 29/29 MP: 5/5
   752 | D:1      | Reached ** piety under Lugonu
  1472 | D:2      | Reached XP level 4. HP: 31/37 MP: 6/6
  1992 | D:2      | Found a white marble altar of Elyvilon.
  1992 | D:2      | Found a sacrificial altar of Ru.
  2082 | D:2      | Reached skill level 4 in Invocations
  2393 | D:3      | Noticed an ice beast
  2753 | D:2      | Reached *** piety under Lugonu
  2753 | D:2      | Reached XP level 5. HP: 16/42 MP: 6/8
  3787 | D:3      | Noticed a phantom
  3904 | D:3      | Killed a phantom
  3904 | D:3      | Reached skill level 5 in Invocations
  3904 | D:3      | Gained mutation: You have a pair of small horns on your
                  | head. [demonic ancestry]
  3904 | D:3      | Reached XP level 6. HP: 28/49 MP: 7/9
  4310 | D:3      | Reached **** piety under Lugonu
  4605 | D:4      | Reached skill level 5 in Fighting
  4790 | D:4      | Found a staircase to the Ecumenical Temple.
  4799 | Temple   | Entered the Ecumenical Temple
  4882 | D:4      | Identified the +4 short sword "Velaips" {holy, +Rage MR+++
                  | MP+9 Int-5} (You found it on level 4 of the Dungeon)
  4929 | Temple   | Fell from the grace of Lugonu
  4929 | Temple   | Became a worshipper of Warmaster Okawaru
  5030 | D:4      | Reached skill level 6 in Invocations
  5049 | D:4      | Noticed Purgy
  5078 | D:4      | Killed Purgy
  5078 | D:4      | Gained mutation: You have a pair of horns on your head.
                  | [demonic ancestry]
  5078 | D:4      | Reached XP level 7. HP: 33/56 MP: 4/11
  5222 | D:4      | Noticed a starcursed mass
  5234 | D:4      | Noticed a small abomination
  5277 | D:3      | Slain by a small abomination

Skill      XL: |  1  2  3  4  5  6 |
---------------+-------------------+-----
Polearms       | 2 3 4 |  4.4
Invocations    | 3 4 5 6 |  6.3
Fighting       | 4 5 |  5.4
Armour         | |  1.7
Dodging        | |  0.8

Action                   |  1- 3 |  4- 6 |  7- 9 || total
-------------------------+-------+-------+-------++-------
Melee: Spear             |   154 |   422 |     5 ||   581
       Headbutt          |       |    24 |       ||    24
Throw: Stone             |     5 |    32 |       ||    37
Invok: Bend Space        |       |     2 |       ||     2
  Use: Scroll            |     1 |     3 |       ||     4
       Potion            |       |     3 |     1 ||     4
 Stab: Sleeping          |       |     2 |       ||     2
  Eat: Chunk             |     2 |     8 |       ||    10
       Ration            |       |     1 |       ||     1
Armor: Leather armour    |    44 |    69 |       ||   113
       Chain mail        |       |   127 |     4 ||   131
Dodge: Dodged            |    74 |   196 |     4 ||   274
